 Dungeon Crawl Stone Soup version 0.31-a0-983-g7b6862f502 (webtiles) character file.

Game seed: 17358560096593170795

287 lunkers the Insei (level 5, -2/39 HPs)
             Began as a Demigod Shapeshifter on Nov 2, 2023.
             Splashed by a jelly's acid (4 damage)
             ... on level 6 of the Dungeon.
             The game lasted 00:02:37 (1797 turns).

lunkers the Insei (Demigod Shapeshifter)            Turns: 1797, Time: 00:02:38

Health: -2/39      AC: -11   Str: 15    XL:     5   Next: 81%
Magic:  7/7        EV: 11    Int: 12    God:
Gold:   137        SH:  0    Dex: 17    Spells: 4/4 levels left

rFire   . .          .
                       - Unarmed
rCold   . . .        (no shield)
rNeg    . . .        e - +0 ring mail
rPois   .            (helmet currently unavailable)
rElec   .            (cloak currently unavailable)
rCorr   .            (gloves currently unavailable)
SInv    .            (boots currently unavailable)
Will    .....        (no amulet)
Stlth   +            (no ring)
HPRegen 0.26/turn    (no ring)
MPRegen 0.10/turn

%: no passive effects
@: beast-form, corroded
A: beast (slay +2), high MP 1, forlorn, divine attributes
a: Begin Untransformation


You were on level 6 of the Dungeon.
You were a hulking beast.
You visited 1 branch of the dungeon, and saw 4 of its levels.

You collected 137 gold pieces.

Inventory:

Armour
 a - a +0 animal skin
 e - a +0 ring mail (worn)
 n - a +0 pair of boots
Jewellery
 g - a ring of ice
Talismans
 c - a beast talisman
 d - a flux talisman
Wands
 l - a wand of digging (3)
Scrolls
 h - a scroll of immolation {unknown}
 j - 2 scrolls of identify {unknown}
 m - 2 scrolls of vulnerability {unknown}
Potions
 b - a potion of magic {unknown}
 f - a potion of attraction {unknown}
 i - a potion of curing {unknown}
 k - a potion of ambrosia {unknown}


   Skills:
 - Level 0.8 Fighting
 - Level 1.7 Dodging
 * Level 5.3 Unarmed Combat
 + Level 4.0 Shapeshifting


You had 4 spell levels left.
You didn't know any spells.
Your spell library was empty.

Dungeon Overview and Level Annotations

Branches:
Dungeon (6/15)
 Temple: D:4-7

Shops:
D:6 ?

Annotations:
D:6 1 transporter


Innate Abilities, Weirdness & Mutations

You are a hulking beast.
Your limbs bulge with bestial killing power. (Slay +2)
You have an increased reservoir of magic. (+10% MP)
You shall have no god before yourself.
Your divine heritage dramatically boosts your attributes as you level up.


Message History

The jelly quivers.
The jelly barely misses you.
You hit the jelly.
Your hands burn!
The jelly is moderately wounded.
The jelly jiggles.
The jelly hits you but does no damage.
You hit the jelly.
Your hands burn!
The jelly is heavily wounded.
The jelly barely misses you.
You hit the jelly. The acid corrodes you!
Your hands burn!
The jelly is severely wounded.
The jelly closely misses you.
You hit the jelly. The acid corrodes you!
Your hands burn!
* * * LOW HITPOINT WARNING * * *
Your punch misses the jelly.
The jelly is almost dead.
The jelly hits you.
* * * LOW HITPOINT WARNING * * *
The acid corrodes you!
You are splashed with acid!
* * * LOW HITPOINT WARNING * * *
You barely miss the jelly.
The jelly is almost dead.
The jelly barely misses you.
Unknown command.
You hit the jelly but do no damage.
Your hands burn!
* * * LOW HITPOINT WARNING * * *
The jelly is almost dead.
The jelly closely misses you.
Okay, then.
You hit the jelly but do no damage.
Your hands burn!
* * * LOW HITPOINT WARNING * * *
The jelly is almost dead.
Unknown command.
You completely miss the jelly.
The jelly is almost dead.
The jelly closely misses you.
Unknown command.
Unknown command.
You hit the jelly. The acid corrodes you!
Your hands burn!
You die...

#### #..
#.. #.#
#J# #h#
#...##.#
#.∩)##.#
#oo.##.#
#oso##.#
######.#
#.©.##.#
#...##.#
##...##.#
#.#


You could see a jelly.

Vanquished Creatures
  A centaur (D:6)
  A scorpion (D:6)
  A howler monkey (D:6)
  2 jellies (D:6)
  2 adders (D:2)
  An orc (D:6)
  4 bats
  6 endoplasms
  A giant cockroach (D:1)
  5 goblins
  5 hobgoblins
  4 kobolds
  3 ball pythons (D:1)
  3 rats
39 creatures vanquished.

Notes
Turn   | Place    | Note
-------+----------+-------------------------------------------
     0 | D:1      | lunkers the Demigod Shapeshifter began the quest for the
                  | Orb.
     0 | D:1      | Reached XP level 1. HP: 15/15 MP: 3/3
   132 | D:1      | Reached skill level 3 in Unarmed Combat
   312 | D:1      | Reached XP level 2. HP: 20/22 MP: 4/4
   722 | D:2      | Reached XP level 3. HP: 19/27 MP: 5/5
  1297 | D:3      | You fall into a shaft and drop 3 floors!
  1321 | D:6      | Reached skill level 4 in Unarmed Combat
  1321 | D:6      | Reached XP level 4. HP: 13/34 MP: 6/6
  1502 | D:6      | Reached XP level 5. HP: 31/39 MP: 7/7
  1613 | D:6      | Noticed a centaur
  1617 | D:6      | Found a transporter.
  1629 | D:6      | Killed a centaur
  1630 | D:6      | Reached skill level 5 in Unarmed Combat
  1764 | D:6      | Found Leashrau's Magic Scroll Shoppe.
  1795 | D:6      | HP: 1/39 [acid (5)]
  1797 | D:6      | Splashed by a jelly's acid

Illustrated notes

Levels and vault maps discovered:
D:1:      matt_arrival_grand_opening, layout_basic
D:2:      layout_basic
D:3:      minmay_door_path, layout_basic, lemuel_doored_altar, serial_glass,
          glass_columns_a, glass_columns_c, feat_on_display, feat_on_display
D:6:      layout_loops_ring, serial_shops, nicolae_shop_drivethru,
          billiards_dpeg, uniq_prince_ribbit1

Skill      XL: |  1  2  3  4  5 |
---------------+----------------+-----
Unarmed Combat | 3 4 5 |  5.3
Shapeshifting  | 3 4 |  4.0
Fighting       | |  0.8
Dodging        | |  1.7

Action                     |  1- 3 |  4- 6 || total
---------------------------+-------+-------++-------
  Melee: Unarmed           |    96 |    36 ||   132
         Punch             |     1 |     1 ||     2
    Use: Potion            |     1 |       ||     1
 Armour: Ring mail         |    47 |    37 ||    84
         Skin              |     1 |     2 ||     3
  Dodge: Dodged            |    46 |    19 ||    65

Table legend: (Time is in decaauts)
 A = Elapsed time spent in this place.
 B = Non-inter-level travel time spent in this place.
 C = Inter-level travel time spent in this place.
 D = Time resting spent in this place.
 E = Time spent auto-exploring this place.
 F = Levels seen in this place.
 G = Mean time per level.
                   A        B        C        D        E       F      G
               +--------+--------+--------+--------+--------+-----+--------+
         Total |   1787 |   1763 |     24 |     22 |   1424 |   4 |  446.8 |
       Dungeon |   1787 |   1763 |     24 |     22 |   1424 |   4 |  446.8 |
               +--------+--------+--------+--------+--------+-----+--------+

Top non-repeatable levels by time:
     D:1: 639 daAuts
     D:2: 617 daAuts
     D:6: 496 daAuts
     D:3: 33 daAuts
